 Dungeon Crawl Stone Soup version 0.27-a0-1177-g245c70e1c0 (webtiles) character file.

Game seed: 10802827923255029285

581 st0uf the Slasher (level 7, 40/61 HPs)
             Began as a White Draconian Abyssal Knight on May 16, 2021.
             Was a Believer of Lugonu.
             Quit the game on level 4 of the Dungeon.
             The game lasted 00:11:31 (4297 turns).

st0uf the Slasher (White Draconian Abyssal Knight)  Turns: 4297, Time: 00:11:32

Health: 40/61      AC:  6    Str: 30    XL:     7   Next: 14%
Magic:  9/9        EV: 12    Int: 12    God:    Lugonu [**....]
Gold:   98         SH:  0    Dex: 11    Spells: 6/6 levels left

rFire    . . .     SeeInvis .   e - +0 long sword
rCold    + . .     Faith    .   (no shield)
rNeg     . . .     Spirit   .   (armour unavailable)
rPois    .         Reflect  .   (helmet restricted)
rElec    .         Harm     .   (no cloak)
rCorr    .         Rampage  .   (no gloves)
Will     .....     Rnd*Tele +   (no boots)
Stlth    ++........             (no amulet)
HPRegen  0.20/turn              m - +6 ring of strength
MPRegen  0.11/turn              j - +6 ring of strength

@: no status effects
A: breathe frost, AC +6, unfitting armour, cold resistance 1, cold-blooded,
hooves 1, strong 1, teleportitis 1
a: Breathe Frost, Renounce Religion, Depart the Abyss, Bend Space


You were on level 4 of the Dungeon.
You worshipped Lugonu.
Lugonu was pleased with you.
You visited 1 branch of the dungeon, and saw 4 of its levels.
You visited the Abyss 1 time.

You collected 98 gold pieces.

Inventory:

Hand Weapons
 a - a +1 falchion
 e - a +0 long sword (weapon)
Missiles
 f - 6 curare-tipped darts
Armour
 p - a +0 cloak
Magical Staves
 i - a staff of death
Jewellery
 b - a ring of magical power
 j - a +6 ring of strength (right hand)
 m - a +6 ring of strength (left hand)
Scrolls
 g - 2 scrolls of identify
 h - 5 scrolls of amnesia {unknown}
 n - a scroll of fog {unknown}
 o - a scroll of vulnerability {unknown}
Potions
 c - a potion of invisibility
 d - a potion of cancellation
 k - a potion of lignification
 l - a potion of might


   Skills:
 + Level 5.0 Fighting
 + Level 5.4 Long Blades
 + Level 3.3 Dodging
 + Level 1.6 Stealth
 * Level 3.6 Invocations


You had 6 spell levels left.
You didn't know any spells.
Your spell library was empty.

Dungeon Overview and Level Annotations

Branches:
Dungeon (4/15)             Temple (0/1) D:4

Altars:


Innate Abilities, Weirdness & Mutations

You can breathe waves of freezing cold which knock back foes.
Your icy white scales are hard. (AC +6)
You cannot fit into any form of body armour.
Your flesh is cold resistant. (rC+)
You are cold-blooded and may be slowed by cold attacks.
You have large cloven feet.
Your muscles are strong. (Str +2)
You are occasionally teleported next to monsters.


Message History

As you read the scroll of identify, it crumbles to dust.
l - a potion of might HP restored.
Found a cloak.
A phantom comes into view.
You see here 5 gold pieces.
You now have 98 gold pieces (gained 5).
h - 5 scrolls labelled KYLICL DADA (gained 3)
There are no items here.
Found a stone staircase leading up.
The phantom completely misses you.
You riposte.
You closely miss the phantom. You kick the phantom.
The phantom is lightly damaged.
You slash the phantom!
The phantom is moderately damaged.
The phantom hits you.
You closely miss the phantom. You tail-slap the phantom.
The phantom is heavily damaged.
The phantom misses you. The phantom closely misses you.
You hit the phantom.
The phantom is heavily damaged.
The phantom hits you!
The phantom blinks!
You blink.
The phantom barely misses you.
You riposte.
You slash the phantom! Your kick misses the phantom.
Your tail-slap misses the phantom.
The phantom is severely damaged.
You hit the phantom. Your kick misses the phantom.
The phantom is almost destroyed.
The phantom hits you!
The phantom blinks!
You blink.
You hit the phantom.
You destroy the phantom!
Lugonu accepts your kill.
Your Fighting skill increases to level 5!
You have reached level 7!
Your scales start taking on an icy white colour.
You learn Fire Magic much slower.
You learn Ice Magic much quicker.
You can breathe waves of freezing cold which knock back foes.
Your mutations feel more permanent.
You see here a +0 cloak.
p - a +0 cloak Are you sure you want to abandon this character and quit the game? (Confirm with "yes".)

#.## ..... #.. .... ..# ## #..
... #..# .. ... ... #..# # ..
#.# #.# #..# #..#. #.# #.#
#..## #..<..#.#####.# #...#
##. #..@......###.#.#
#..#...#.............#
#.###.....#..........# #####
#.# ###...#.###.#.#..# #...##
#.# #.###.##.###...#
.....####.## #.# #.....#.##.#
......)....####.###.####..# .#
.....####.................##.#
............###.###..........#


There were no monsters in sight!

Vanquished Creatures
  Grinder (D:3)
  2 phantoms (D:4)
  2 orc priests
  An iguana (D:3)
  Robin (D:3)
  3 gnolls
  3 adders (D:2)
  An ufetubus (D:4)
  2 worms (D:3)
  2 dart slugs
  6 orcs (D:3)
  10 ball pythons
  2 endoplasms
  A giant cockroach (D:3)
  5 goblins
  8 hobgoblins
  7 kobolds
  2 quokkas
  2 bats
  2 frilled lizards (D:2)
  5 rats
68 creatures vanquished.

Vanquished Creatures (others)
  A water elemental (Abyss:1)
  A goblin (D:3)
2 creatures vanquished.

Grand Total: 70 creatures vanquished

Notes
Turn   | Place    | Note
-------+----------+-------------------------------------------
     0 | Abyss:1  | st0uf the Draconian Abyssal Knight began the quest for the
                  | Orb.
     0 | Abyss:1  | Reached XP level 1. HP: 19/19 MP: 2/2
    21 | Abyss:1  | Noticed a red very ugly thing
    21 | Abyss:1  | Noticed a white very ugly thing
    31 | Abyss:1  | Killed a water elemental
    42 | Abyss:1  | Noticed a starcursed mass
    43 | D:1      | Escaped the Abyss
   276 | D:1      | Reached * piety under Lugonu
   332 | D:1      | Reached XP level 2. HP: 26/26 MP: 3/3
   923 | D:2      | Reached XP level 3. HP: 30/33 MP: 4/4
  1802 | D:3      | Reached XP level 4. HP: 40/40 MP: 5/5
  2263 | D:3      | Noticed Robin
  2455 | D:3      | Found a faded altar of an unknown god.
  2820 | D:3      | Reached XP level 5. HP: 47/47 MP: 6/6
  2853 | D:3      | Killed Robin
  2885 | D:3      | Noticed Grinder
  2930 | D:3      | Gained mutation: Your muscles are strong. (Str +2) [potion
                  | of mutation]
  2930 | D:3      | Gained mutation: You are occasionally teleported next to
                  | monsters. [potion of mutation]
  2930 | D:3      | Gained mutation: Your flesh is cold resistant. (rC+)
                  | [potion of mutation]
  2930 | D:3      | Gained mutation: You have large cloven feet. [potion of
                  | mutation]
  2941 | D:3      | Killed Grinder
  2941 | D:3      | Reached ** piety under Lugonu
  2942 | D:3      | Reached skill level 1 in Stealth
  2942 | D:3      | Reached XP level 6. HP: 8/53 MP: 6/8
  3878 | D:4      | Reached skill level 5 in Long Blades
  3949 | D:4      | Found a staircase to the Ecumenical Temple.
  4285 | D:4      | Reached skill level 5 in Fighting
  4285 | D:4      | Your scales start taking on an icy white colour.
  4285 | D:4      | Reached XP level 7. HP: 37/61 MP: 9/9
  4285 | D:4      | Mutation became permanent: Your flesh is cold resistant.
                  | (rC+) [White Draconian growth]
  4285 | D:4      | Gained mutation: Your flesh is cold resistant. (rC+) [White
                  | Draconian growth]
  4297 | D:4      | Quit the game

Illustrated notes

Levels and vault maps discovered:
D:1:      dpeg_arrival_signposts, layout_rooms
D:2:      layout_loops_cross, minivault_27, minmay_misc_feat_ornament,
          minmay_misc_feat_iff
D:3:      layout_basic, hellmonk_ecumenical_altar_lost_god,
          minmay_crystal_water, small_statue_intersection,
          minmay_misc_feat_enclosed, uniq_grinder, uniq_robin
D:4:      layout_loops_ring, minmay_temple_entry_proselytizer

Skill      XL: |  1  2  3  4  5  6 |
---------------+-------------------+-----
Long Blades    | 3 4 5 |  5.4
Fighting       | 4 5 |  5.0
Dodging        | 3 |  3.3
Stealth        | 1 |  1.6
Invocations    | 3 |  3.6

Action                   |  1- 3 |  4- 6 |  7- 9 || total
-------------------------+-------+-------+-------++-------
Melee: Falchion          |    93 |    90 |       ||   183
       Tailslap          |     4 |    18 |       ||    22
       Kick              |       |    14 |       ||    14
       Long sword        |       |    34 |       ||    34
Invok: Depart the Abyss  |     1 |       |       ||     1
  Use: Potion            |       |     7 |       ||     7
       Scroll            |       |     3 |       ||     3
 Stab: Sleeping          |       |     1 |       ||     1
Armor: Skin              |    23 |    20 |       ||    43
Dodge: Dodged            |    64 |    79 |       ||   143
       Rpst.: Falchion   |    18 |    15 |       ||    33
       Long sword        |       |     5 |       ||     5

Table legend: (Time is in decaauts)
 A = Elapsed time spent in this place.
 B = Non-inter-level travel time spent in this place.
 C = Inter-level travel time spent in this place.
 D = Time resting spent in this place.
 E = Time spent auto-exploring this place.
 F = Levels seen in this place.
 G = Mean time per level.
                   A        B        C        D        E       F      G
               +--------+--------+--------+--------+--------+-----+--------+
         Total |   4324 |   4230 |     94 |    906 |   2360 |   5 |  864.8 |
       Dungeon |   4281 |   4187 |     94 |    906 |   2360 |   4 | 1070.2 |
         Abyss |     43 |     43 |      0 |      0 |      0 |   1 |   43.0 |
               +--------+--------+--------+--------+--------+-----+--------+

Top non-repeatable levels by time:
     D:3: 2010 daAuts
     D:2: 1348 daAuts
     D:1: 749 daAuts
     D:4: 173 daAuts
 Abyss:1: 43 daAuts
